 Dungeon Crawl Stone Soup version 0.22.1-1-ga44c0e5 (webtiles) character file.

311 Irenicus the Digger (level 6, -2/49 HPs)
             Began as a Deep Dwarf Earth Elementalist on Oct 6, 2018.
             Slain by an iguana (9 damage)
             ... on level 4 of the Dungeon.
             The game lasted 00:09:06 (1163 turns).

Irenicus the Digger (Deep Dwarf Earth Elementalist) Turns: 1163, Time: 00:09:06

Health: -2/49      AC:  3    Str: 12    XL:     6   Next: 18%
Magic:  2/9        EV: 12    Int: 17    God:
Gold:   157        SH:  0    Dex: 13    Spells: 6/9 levels left

rFire    . . .     SeeInvis .   h - +2 dagger (holy)
rCold    . . .     Gourm    .   (no shield)
rNeg     . . .     Faith    .   o - +0 leather armour
rPois    .         Spirit   .   (no helmet)
rElec    .         Reflect  .   (no cloak)
rCorr    .         Harm     .   (no gloves)
MR       .....                  (no boots)
Stlth    ++........             (no amulet)
HPRegen  0.00/turn              (no ring)
MPRegen  0.11/turn              (no ring)

@: non-regenerating
A: damage resistance, heal wounds, sense surroundings 1, no regeneration
a: Heal Wounds


You were on level 4 of the Dungeon.
You were hungry.

You visited 1 branch of the dungeon, and saw 4 of its levels.

You collected 157 gold pieces.

Inventory:

Hand Weapons
 h - a +2 dagger of holy wrath (weapon)
   (You took it off a goblin on level 1 of the Dungeon)
 p - a +2 short sword of venom
   (You took it off an orc on level 4 of the Dungeon)
Missiles
 e - 2 javelins of penetration (quivered)
Armour
 c - a +0 robe
 o - a +0 leather armour (worn)
   (You found it on level 3 of the Dungeon)
Magical Staves
 m - an uncursed staff of power {MP+17, !a}
   (You found it on level 3 of the Dungeon)
Scrolls
 a - a scroll of random uselessness {unknown}
 f - a scroll of amnesia {unknown}
 g - 2 scrolls of identify
 i - a scroll of magic mapping {unknown}
 j - 4 scrolls of noise {!r}
 k - a scroll of teleportation {unknown}
 n - a scroll of remove curse {unknown}
Potions
 l - a potion of curing
Comestibles
 d - 4 rations


   Skills:
 + Level 3.1 Short Blades
 - Level 2.1 Dodging
 - Level 2.4 Stealth
 - Level 2.0 Spellcasting
 - Level 0.8 Transmutations
 - Level 7.6 Earth Magic


You had 6 spell levels left.
You knew the following spells:

 Your Spells              Type           Power        Failure   Level  Hunger
a - Sandblast             Erth           ####..       1%          1    #......
b - Passwall              Tmut/Erth      ###.....     6%          2    ###....

Your spell library contained the following spells:

 Spells                   Type           Power        Failure   Level  Hunger
 Stone Arrow              Conj/Erth      ##....       16%         3    ###....
 Lee's Rapid Deconstruct  Erth           ####......   30%         5    ######.
 Petrify                  Tmut/Erth      ###.....     38%         4    #####..


Dungeon Overview and Level Annotations

Branches:
Dungeon (4/15)
 Temple: D:4-7

Altars:

Annotations:
D:3 3 runed doors, Wootface's ghost, amateur DrTm


Innate Abilities, Weirdness & Mutations

You are resistant to damage.
You can heal yourself by infusing magical energy.
You passively map a small area around you.
You do not regenerate.


Message History

The orc wizard mumbles some strange words.
The orc wizard blinks!
Aim: an orc, wearing a ring mail (translocational energy, moderately wounded)
The blast of sand hits the orc.
b - 7 stones The orc hits you.
You now have 4/8 mp.
You hit the orc.
You kill the orc!
Aim: an orc
Okay, then.
You hit the orc. The orc hits you.
You take 2 damage, and have 20/42 hp.
You closely miss the orc.
The orc wizard gestures wildly while chanting.
The orc wizard blinks!
The orc hits you but does no damage.
Throwing (i - inventory. (/) - cycle)
e - 2 javelins of penetration (quivered)
Aim: an orc (moderately wounded)
You throw a javelin of penetration.
The javelin of penetration barely misses the orc.
The javelin of penetration pierces through the big kobold.
The orc hits you.
You take 2 damage, and have 18/42 hp.
Throwing (i - inventory. (/) - cycle)
e - a javelin of penetration (quivered)
Aim: an orc (moderately wounded)
You throw a javelin of penetration.
The javelin of penetration barely misses the orc.
The javelin of penetration pierces through the big kobold.
The orc barely misses you. x2
You hit the orc.
You kill the orc!
Aim: a big kobold, wielding a dagger (moderately wounded)
The blast of sand hits the big kobold.
b - 6 stones The big kobold closely misses you.
You now have 4/8 mp.
Aim: a big kobold, wielding a dagger (severely wounded)
The blast of sand hits the big kobold.
b - 5 stones The big kobold hits you with a dagger.
You take 5 damage, and have 13/42 hp.
You now have 3/8 mp.
Aim: a big kobold, wielding a dagger (severely wounded)
The blast of sand hits the big kobold.
You kill the big kobold!
Your Short Blades skill increases to level 2!
You have reached level 6!
Your experience leads to an increase in your attributes!
Increase (S)trength, (I)ntelligence, or (D)exterity?
You feel clever.
b - 4 stones You regained 2 hp, and now have 15/49 hp.
You now have 2/9 mp.
The orc wizard casts a spell.
The orc wizard blinks!
Items here: ) ? [ † a dagger; a scroll labeled LYITUGGEMAW; a ring mail; an orc corpse
Aim: an orc wizard, wielding a dagger and wearing a robe (heavily wounded)
The blast of sand misses the orc wizard.
b - 3 stones
Aim: an orc wizard, wielding a dagger and wearing a robe (heavily wounded)
The blast of sand hits the orc wizard.
You kill the orc wizard!
Your Short Blades skill increases to level 3!
b - 2 stones You now have 1/9 mp.
j - 5 scrolls labeled LYITUGGEMAW (gained 1)
Things that are here:
a dagger; a robe; 4 gold pieces You now have 157 gold pieces (gained 4).
As you read the scroll labeled LYITUGGEMAW, it crumbles to dust.
You hear a loud clanging noise!
It was a scroll of noise.
As you read the scroll labeled WUUT NOOMU, it crumbles to dust.
It is a scroll of identify.
l - a potion of curing You see here 2 javelins of penetration.
e - 2 javelins of penetration An iguana comes into view.
The iguana hisses angrily.
You are feeling hungry.
Aim: an iguana The blast of sand hits the iguana.
b - a stone You now have 2/9 mp.
Aim: an iguana (lightly wounded)
The blast of sand hits the iguana.
You now have no stones remaining.
You now have 1/9 mp.
Aim: an iguana (lightly wounded)
You don't have any stones to cast with.
Aim: an iguana (lightly wounded)
You don't have any stones to cast with.
You hit the iguana but do no damage. The iguana bites you.
You hit the iguana. The iguana closely misses you.
You completely miss the iguana. The iguana barely misses you.
You hit the iguana but do no damage. The iguana barely misses you.
You closely miss the iguana. The iguana bites you!
* * * LOW HITPOINT WARNING * * *
You take 8 damage, and have 7/49 hp.
You hit the iguana but do no damage. The iguana bites you!
You die...

#.# #.# #.#############
########...).........#
.........###...#####.#
########.###)..### #.#
,........#.......###.#########
#######.#.......l............
#.....#......@###..........
#.###.###...### ###.####### #
#.###.#...... ,* #.# * #
#..##.#.#...## , #.# , * #
##.##.#.##.## * * #.# #
#.##..#, ,, , #.. # #....## ,
, , ### * * # ####..# * ,
########.#.# ,


You could see an iguana.

Vanquished Creatures
  A phantom (D:3)
  A big kobold (D:4)
  An orc wizard (D:4)
  3 adders
  An ooze (D:3)
  An adder skeleton (D:4)
  2 worms
  2 dart slugs (D:2)
  2 leopard geckos (D:3)
  11 orcs
  6 bats
  A giant cockroach (D:3)
  4 goblins
  8 hobgoblins
  5 frilled lizards
  13 kobolds
  2 rats
64 creatures vanquished.

Notes
Turn   | Place    | Note
-------+----------+-------------------------------------------
     0 | D:1      | Irenicus the Deep Dwarf Earth Elementalist began the quest
                  | for the Orb.
     0 | D:1      | Reached XP level 1. HP: 15/15 MP: 3/3
    73 | D:1      | Reached skill level 2 in Spellcasting
   133 | D:1      | Reached XP level 2. HP: 14/22 MP: 1/5
   256 | D:1      | Reached skill level 5 in Earth Magic
   478 | D:2      | Reached XP level 3. HP: 11/28 MP: 0/6
   503 | D:2      | HP: 7/28 [dart slug/slug dart (2)]
   537 | D:2      | Learned a level 2 spell: Passwall
   640 | D:3      | Noticed a phantom
   649 | D:3      | HP: 1/28 [phantom (6)]
   662 | D:3      | Killed a phantom
   662 | D:3      | Reached skill level 7 in Earth Magic
   662 | D:3      | Reached XP level 4. HP: 25/36 MP: 3/7
   697 | D:3      | Reached XP level 5. HP: 30/42 MP: 2/8
   755 | D:3      | Found a runed gate.
   756 | D:3      | Found a runed gate.
   756 | D:3      | Found a runed gate.
   927 | D:3      | Noticed Wootface's ghost (amateur DrTm)
   968 | D:4      | Reached skill level 1 in Short Blades
  1127 | D:4      | Reached skill level 2 in Short Blades
  1127 | D:4      | Reached XP level 6. HP: 15/49 MP: 2/9
  1130 | D:4      | Reached skill level 3 in Short Blades
  1162 | D:4      | HP: 7/49 [iguana (8)]
  1163 | D:4      | Slain by an iguana

Skill      XL: |  1  2  3  4  5  6 |
---------------+-------------------+-----
Spellcasting   | 2 |  2.0
Earth Magic    | 5 7 |  7.6
Short Blades   | 2 3 |  3.1
Dodging        | |  2.1
Stealth        | |  2.4
Transmutations | |  0.8

Action                   |  1- 3 |  4- 6 || total
-------------------------+-------+-------++-------
Melee: Dagger            |    27 |    45 ||    72
       Club              |     3 |       ||     3
Throw: Javelin           |     2 |     2 ||     4
       Stone             |     1 |       ||     1
 Cast: Sandblast         |    35 |    42 ||    77
       Passwall          |     3 |     1 ||     4
 Abil: Heal Wounds       |     1 |       ||     1
  Use: Potion            |     1 |       ||     1
       Scroll            |       |     2 ||     2
 Stab: Sleeping          |     4 |       ||     4
       Invisible         |     1 |       ||     1
  Eat: Chunk             |       |     2 ||     2
Armor: Robe              |     8 |     5 ||    13
       Leather armour    |       |     4 ||     4
Dodge: Dodged            |    23 |    29 ||    52

Vault maps used:
D:1:      nzn_arrival_crosshair
D:2:      hangedman_abyss_or_decor_lesser_grid
D:3:      gammafunk_ghost_nasty_kobolds, first_ration, minmay_surrounded

Table legend:
 A = Turns spent in this place as a percentage of turns spent in the entire game.
 B = Non-inter-level travel turns spent in this place as a percentage of non-inter-level travel turns spent in the entire game.
 C = Inter-level travel turns spent in this place as a percentage of turns spent in this place.
 D = Turns resting spent in this place as a percentage of non-inter-level travel turns spent in this place.
 E = Turns spent auto-exploring this place as a percentage of non-inter-level travel turns spent in this place.
 F = Non-inter-level travel turns spent in this place divided by the number of levels of this place that you've seen.
                   A       B       C       D       E      F
               +-------+-------+-------+-------+-------+----------------------
         Total | 100.0 | 100.0 |   0.0 |   0.0 |   0.0 | 290.8
       Dungeon | 100.0 | 100.0 |   0.0 |   0.0 |   0.0 | 290.8
               +-------+-------+-------+-------+-------+----------------------

Table legend:
 A = Kills in this place as a percentage of kills in entire the game.
 B = Kills by you in this place as a percentage of kills by you in the entire game.
 C = Kills by friends in this place as a percentage of kills by friends in the entire game.
 D = Other kills in this place as a percentage of other kills in the entire game.
 E = Experience gained in this place as a percentage of experience gained in the entire game.
 F = Experience gained in this place divided by the number of levels of this place that you have seen.
                   A       B       C       D       E      F
               +-------+-------+-------+-------+-------+----------------------
         Total | 100.0 | 100.0 |   N/A |   N/A | 100.0 | 111.2
       Dungeon | 100.0 | 100.0 |   N/A |   N/A | 100.0 | 111.2
               +-------+-------+-------+-------+-------+----------------------
